 Dungeon Crawl Stone Soup version 0.20-a0-957-g47ad1fd (webtiles) character file.

184 JeffiDaFish the Digger (level 5, -2/45 HPs)
             Began as a Troll Earth Elementalist on Apr 5, 2017.
             Slain by an orc
             ... wielding a +2 dagger of electrocution
              (13 damage)
             ... on level 3 of the Dungeon.
             The game lasted 00:04:36 (1319 turns).

JeffiDaFish the Digger (Troll Earth Elementalist)   Turns: 1319, Time: 00:04:36

Health: -2/45      AC:  6    Str: 16    XL:     5   Next: 36%
Magic:  6/6        EV: 10    Int: 11    God:
Gold:   142        SH:  0    Dex: 11    Spells: 3/7 levels left

rFire    . . .     SeeInvis .     - Unarmed
rCold    . . .     Gourm    +   (no shield)
rNeg     . . .     Faith    .   c - +1 robe
rPois    .         Spirit   .   (helmet restricted)
rElec    .         Reflect  .   (no cloak)
rCorr    .         Harm     .   (gloves unavailable)
MR       .....                  (boots unavailable)
Stlth    ++........             (no amulet)
Regen    0.6/turn               (no ring)
MPRegen  0.1/turn               (no ring)

@: no status effects
A: unfitting armour, claws 3, fast metabolism 3, gourmand, regeneration 1,
shaggy fur 1, tough skin 2
a: no special abilities


You were on level 3 of the Dungeon.
You were completely stuffed.

You visited 1 branch of the dungeon, and saw 3 of its levels.

You collected 142 gold pieces.

Inventory:

Missiles
 b - 180 stones (quivered)
Armour
 c - a +1 robe (worn)
Scrolls
 a - a scroll of enchant weapon
 h - 2 scrolls of remove curse
 j - 3 scrolls of identify
 k - a scroll of enchant armour
Potions
 g - a potion of curing
Books
 e - a book of Geomancy

   Spells                             Type                      Level
   a - Sandblast                      Earth                        1
   b - Passwall                       Transmutation/Earth          2
   c - Stone Arrow                    Conjuration/Earth            3
   d - Petrify                        Transmutation/Earth          4
   e - Lee's Rapid Deconstruction     Earth                        5
Comestibles
 d - 4 bread rations
 f - 2 royal jellies
 i - a chunk of flesh


   Skills:
 + Level 2.2 Dodging
 + Level 1.5 Stealth
 + Level 2.8 Unarmed Combat
 + Level 1.7 Spellcasting
   Level 0.6 Transmutations
 + Level 3.5 Earth Magic


You had 3 spell levels left.
You knew the following spells:

 Your Spells              Type           Power        Failure   Level  Hunger
a - Sandblast             Erth           #.....       10%         1    ##.....
b - Stone Arrow           Conj/Erth      #.....       47%         3    ####...


Dungeon Overview and Level Annotations

Branches:
Dungeon (3/15)

Altars:


Innate Abilities, Weirdness & Mutations

You are too large for most types of armour.
You have claws for hands.
Your metabolism is lightning-fast.
You like to eat raw meat.
Your natural rate of healing is unusually fast.
You are covered in fur. (AC +1)
You have very tough skin. (AC +2)


Message History

You claw the orc!
You kill the orc!
The orc closely misses you.
You barely miss the orc. The goblin hits you but does no damage.
The orc hits you with a flail.
* * * LOW HITPOINT WARNING * * *
You scratch the orc.
The orc is heavily wounded.
You hear the rusting of a drain nearby.
The goblin hits you.
* * * LOW HITPOINT WARNING * * *
The orc hits you with a flail.
* * * LOW HITPOINT WARNING * * *
You scratch the goblin.
You kill the goblin!
You feel better.
The orc hits you with a dagger of electrocution.
* * * LOW HITPOINT WARNING * * *
You are electrocuted!
You die...

#......##.#.##.#
#..###.# .#.##.# .
#..# #.# ....#.# .
#..# #.# ...... .# #
#..# #.# ...#.# #.#.#
#..###.####.##.##.$..#
#.#.........##........
##.###.####.##))#.....
#.# #..@oo....# #.#
##.###.#### #.# ### .#
#.# .# #.# .# .. .# ..
##


You could see 2 orcs.

Vanquished Creatures
  The ghost of CanOfBees the Gusty, an amateur TeAE (D:3)
  An orc wizard (D:3)
  2 adders (D:2)
  An ooze (D:1)
  2 worms (D:2)
  A dart slug (D:1)
  2 leopard geckos (D:2)
  4 orcs (D:3)
  5 bats
  2 giant cockroaches (D:1)
  6 goblins
  A hobgoblin (D:1)
  3 jackals (D:2)
  10 kobolds
  A quokka (D:3)
  5 frilled lizards
  6 rats
53 creatures vanquished.

Notes
Turn   | Place    | Note
-------+----------+-------------------------------------------
     0 | D:1      | JeffiDaFish the Troll Earth Elementalist began the quest for the Orb.
     0 | D:1      | Reached XP level 1. HP: 16/16 MP: 1/1
    57 | D:1      | Reached XP level 2. HP: 24/24 MP: 3/3
   182 | D:1      | Reached skill level 3 in Earth Magic
   489 | D:2      | Reached skill level 1 in Unarmed Combat
   489 | D:2      | Reached XP level 3. HP: 19/31 MP: 4/4
   689 | D:2      | Found a faded altar of an unknown god.
   866 | D:2      | Learned a level 3 spell: Stone Arrow
  1009 | D:2      | Reached XP level 4. HP: 36/39 MP: 5/5
  1241 | D:3      | Noticed CanOfBees's ghost (amateur TeAE)
  1249 | D:3      | Killed CanOfBees's ghost
  1249 | D:3      | Reached XP level 5. HP: 43/45 MP: 6/6
  1316 | D:3      | HP: 1/45 [orc/flail (6)]
  1319 | D:3      | Slain by an orc

Vault maps used:
D:1:      scummos_arrival_gate
D:2:      chequers_ecumenical_altar_simple_redux, solitary_fountain,
          corexii_hall_statues_i
D:3:      gup_sewer_entry_bubbles, uniq_sigmund

Skill      XL: |  1  2  3  4 |
---------------+-------------+-----
Earth Magic    | 3 |  3.5
Unarmed Combat | 1 2 |  2.8
Dodging        | 2 |  2.2
Stealth        | |  1.5
Spellcasting   | |  1.7
Transmutations | |  0.6

Action                   |  1- 3 |  4- 6 || total
-------------------------+-------+-------++-------
Melee: Unarmed           |   137 |    57 ||   194
 Cast: Sandblast         |     4 |       ||     4
  Use: Scroll            |     5 |       ||     5
       Potion            |     4 |     1 ||     5
 Stab: Sleeping          |     5 |     1 ||     6
  Eat: Chunk             |    15 |     3 ||    18
Armor: Robe              |    63 |    25 ||    88
Dodge: Dodged            |    92 |    39 ||   131
